 Dungeon Crawl Stone Soup version 0.29.0-7-g18a832c13a (webtiles) character file.

Game seed: 17103952213313169941

1474 Shayle the Magician (level 8, -4/49 HPs)
             Began as a Tengu Warper on Aug 30, 2022.
             Killed from afar by Maggie (25 damage)
             ... with a bolt of fire
             ... on level 6 of the Dungeon.
             The game lasted 00:17:38 (7957 turns).

Shayle the Magician (Tengu Warper)                  Turns: 7957, Time: 00:17:40

Health: -4/49      AC:  7    Str: 11      XL:     8   Next: 78%
Magic:  18/18      EV: 12    Int: 16      God:
Gold:   384        SH:  0    Dex: 13 (14) Spells: 17/19 levels left

rFire   . . .      SeeInvis .   m - +2 flail (vorpal)
rCold   . . .      Faith    .   (no shield)
rNeg    . . .      Spirit   .   j - +1 scale mail
rPois   .          Reflect  .   (helmet restricted)
rElec   .          Harm     .   (no cloak)
rCorr   .          Rampage  .   (no gloves)
Will    .....                   (boots unavailable)
Stlth   ..........              (no amulet)
HPRegen 0.16/turn               (no ring)
MPRegen 0.16/turn               (no ring)

@: flying quickly and evasively, mesmerised, quick
A: beak, talons 3, nimble flight
a: no special abilities


You were on level 6 of the Dungeon.
You visited 1 branch of the dungeon, and saw 6 of its levels.

You collected 384 gold pieces.

Inventory:

Hand Weapons
 d - a +0 dagger
 e - a +0 whip of freezing
 m - a +2 vorpal flail (weapon)
Missiles
 k - 2 boomerangs (quivered)
 r - 6 javelins
Armour
 a - a +0 leather armour
 j - a +1 scale mail (worn)
Jewellery
 g - an amulet of faith
Scrolls
 b - 2 scrolls of blinking
 q - 2 scrolls of brand weapon
Potions
 c - a potion of ambrosia
 f - 2 potions of brilliance
 l - 2 potions of curing
 n - a potion of flight
 p - 2 potions of resistance


   Skills:
 + Level 5.0 Fighting
 - Level 1.0 Throwing
 - Level 1.7 Armour
 + Level 5.5 Dodging
 + Level 5.5 Unarmed Combat
 * Level 6.3 Spellcasting
 - Level 2.4 Translocations


You had 17 spell levels left.
You knew the following spells:

 Your Spells              Type           Power      Damage    Failure   Level
a - Blink                 Tloc           24%        N/A       41%         2

Your spell library contained the following spells:

 Spells                   Type           Power      Damage    Failure   Level
 Gell's Gravitas          Tloc           12%        N/A       65%         3
 Lesser Beckoning         Tloc           12%        N/A       65%         3
 Teleport Other           Tloc           12%        N/A       65%         3
 Ozocubu's Armour         Ice            5%         N/A       93%         3
 Manifold Assault         Tloc           12%        N/A       100%        5
 Metabolic Englaciation   Hex/Ice        2%         N/A       100%        5
 Simulacrum               Ice/Necr       2%         N/A       100%        6


Dungeon Overview and Level Annotations

Branches:
Dungeon (6/15)
 Temple: D:4-7

Altars:
Cheibriados
Elyvilon
Makhleb
Wu Jian
The Shining One

Shops:
D:4 [

Annotations:
D:6 1 runed translucent door, Crazy Yiuf, Eustachio, Maggie, Menkaure


Innate Abilities, Weirdness & Mutations

You have a beak for a mouth.
You have claws for feet.
Your magical nature lets you fly swiftly and evasively.


Message History

Maggie barely misses you.
You barely miss Maggie.
Maggie is moderately wounded.
Maggie casts a spell at you. The bolt of fire hits you!
* * * LOW HITPOINT WARNING * * *
You hit Maggie.
Maggie is heavily wounded.
Maggie mumbles some strange words.
Maggie draws you further into her thrall.
Maggie hits you but does no damage.
You feel much better.
Your transformation is almost over.
Maggie hits you with a +0 scimitar.
It was a potion of magic.
Magic courses through your body. Maggie hits you but does no damage.
You thump Maggie!
Maggie is severely wounded.
Maggie drinks a potion.
Maggie is healed!
You closely miss Maggie. Your punch misses Maggie.
Maggie is lightly wounded.
Maggie hits you with a +0 scimitar. x2
Okay, then.
You hit Maggie.
Maggie is moderately wounded.
Maggie hits you with a +0 scimitar.
You hit Maggie but do no damage.
Maggie is moderately wounded.
Maggie hits you but does no damage.
You sock Maggie! Your punch misses Maggie.
Maggie is heavily wounded.
Maggie barely misses you. Maggie hits you but does no damage.
You hit Maggie.
Maggie is heavily wounded.
You feel less wooden.
Your +1 scale mail unmelds from your body.
Maggie casts a spell at you. The bolt of fire hits you!!
Ouch! That really hurt!
You die...

# #.
.##.#
......
......###
......@.#
.......@#
#########


You could see Maggie (mesmerising).

Vanquished Creatures
  Grinder (D:4)
  A water moccasin (D:5)
  2 ice beasts (D:5)
  An ogre (D:4)
  A centaur (D:5)
  A phantom (D:3)
  2 scorpions
  4 hounds
  6 iguanas
  Terence (D:2)
  2 orc wizards (D:6)
  Robin (D:2)
  8 gnolls
  8 adders
  2 ufetubi (D:5)
  A worm (D:2)
  3 dart slugs
  4 orcs (D:6)
  11 ball pythons
  2 bats
  8 endoplasms
  4 giant cockroaches
  16 goblins
  18 hobgoblins
  5 jackals (D:2)
  2 quokkas
  7 frilled lizards
  4 kobolds
  4 rats
130 creatures vanquished.

Vanquished Creatures (others)
  3 fungi (D:2)
  9 plants (D:2)
12 creatures vanquished.

Grand Total: 142 creatures vanquished

Notes
Turn   | Place    | Note
-------+----------+-------------------------------------------
     0 | D:1      | Shayle the Tengu Warper began the quest for the Orb.
     0 | D:1      | Reached XP level 1. HP: 12/12 MP: 4/4
   422 | D:1      | Reached XP level 2. HP: 15/17 MP: 6/6
   758 | D:1      | Reached XP level 3. HP: 21/21 MP: 7/7
  1269 | D:2      | Reached XP level 4. HP: 15/27 MP: 8/8
  1281 | D:2      | Learned a level 2 spell: Blink
  1474 | D:2      | Noticed Robin
  2177 | D:2      | Reached skill level 3 in Spellcasting
  2419 | D:2      | Gained mutation: Your magical nature lets you fly swiftly
                  | and evasively. [Tengu growth]
  2419 | D:2      | Reached XP level 5. HP: 32/32 MP: 10/10
  2482 | D:2      | Found a faded altar of an unknown god.
  2499 | D:2      | Noticed Terence
  2512 | D:2      | Killed Terence
  2792 | D:2      | Killed Robin
  3574 | D:3      | Found a burning altar of Makhleb.
  3678 | D:3      | Found an ornate altar of the Wu Jian Council.
  3687 | D:3      | Found a glowing golden altar of the Shining One.
  3856 | D:4      | Noticed a phantom
  3865 | D:3      | Killed a phantom
  3866 | D:3      | Reached XP level 6. HP: 34/37 MP: 12/12
  3892 | D:4      | Reached skill level 4 in Spellcasting
  4179 | D:4      | Noticed Grinder
  4183 | D:4      | Paralysed by Grinder for 4 turns
  4197 | D:4      | Found Raboimusti's Antique Armour Emporium.
  4698 | D:4      | Reached XP level 7. HP: 40/41 MP: 14/14
  5039 | D:4      | Paralysed by Grinder for 2 turns
  5059 | D:4      | Paralysed by Grinder for 5 turns
  5065 | D:4      | Killed Grinder
  5066 | D:4      | Reached skill level 5 in Spellcasting
  5515 | D:5      | Entered Level 5 of the Dungeon
  5733 | D:5      | Reached XP level 8. HP: 40/48 MP: 16/16
  6025 | D:5      | Reached skill level 5 in Unarmed Combat
  6391 | D:5      | Reached skill level 5 in Dodging
  6405 | D:5      | Reached skill level 6 in Spellcasting
  7422 | D:6      | Noticed Menkaure
  7431 | D:6      | Found a snail-covered altar of Cheibriados.
  7431 | D:6      | Noticed a torpor snail
  7431 | D:6      | Noticed a torpor snail
  7431 | D:6      | Noticed a torpor snail
  7537 | D:6      | Found a white marble altar of Elyvilon.
  7546 | D:6      | Reached skill level 5 in Fighting
  7655 | D:6      | Found a runed translucent door.
  7656 | D:6      | Noticed Crazy Yiuf
  7726 | D:6      | Noticed Eustachio
  7929 | D:6      | Noticed Maggie
  7957 | D:6      | Killed from afar by Maggie

Illustrated notes

Levels and vault maps discovered:
D:1:      matt_arrival_los_fun, layout_rooms, minmay_lizard_pond
D:2:      layout_basic, shapermc_ecumenical_altar_mp_ritualfount, uniq_terence,
          uniq_robin
D:3:      layout_loops_cross, mainiacjoe_overflow_swirl, lightli_temple_of_fire,
          minmay_goblin_outpost
D:4:      layout_cave_pods, serial_shops,
          nicolae_shop_temple_entry_statues_fountains, uniq_grinder
D:5:      layout_basic, serial_curves, eino_curves_01, eino_curves_04,
          guppyfry_early_lair_pool
D:6:      layout_basic, evilmike_ruin_ashenzari, elyvilon_altar_5,
          cheibriados_altar_2, grunt_decor_arrowhead, uniq_maggie,
          uniq_eustachio, uniq_crazy_yiuf_cottage, uniq_blork_the_orc,
          uniq_menkaure

Skill      XL: |  1  2  3  4  5  6  7  8 |
---------------+-------------------------+-----
Unarmed Combat | 3 4 5 |  5.5
Dodging        | 3 4 5 |  5.5
Spellcasting   | 3 4 5 6 |  6.3
Fighting       | 3 4 5 |  5.0
Throwing       | |  1.0
Armour         | |  1.7
Translocations | |  2.4

Action                   |  1- 3 |  4- 6 |  7- 9 || total
-------------------------+-------+-------+-------++-------
Melee: Unarmed           |    10 |       |       ||    10
       Kick              |    27 |    47 |    42 ||   116
       Dagger            |     4 |       |       ||     4
       Whip              |    64 |   101 |       ||   165
       Peck              |     9 |    30 |    16 ||    55
       Punch             |     1 |     4 |     8 ||    13
       Flail             |       |    71 |   149 ||   220
Throw: Boomerang         |     3 |     1 |     7 ||    11
       Javelin           |       |       |     5 ||     5
  Use: Scroll            |       |     6 |     7 ||    13
       Potion            |       |     1 |     5 ||     6
Armor: Leather armour    |    20 |    11 |       ||    31
       Scale mail        |       |    44 |    68 ||   112
       Skin              |       |       |     9 ||     9
Dodge: Dodged            |    39 |   112 |   130 ||   281
